 Dungeon Crawl Stone Soup version 0.29-a0-320-g9f8742066b (webtiles) character file.

Game seed: 13127082167123774227

101 rabbitsville the Bolt Thrower (level 4, -2/58 HPs)
             Began as a Minotaur Hunter on Apr 3, 2022.
             Was a Believer of Qazlal.
             Slain by an adder (4 damage)
             ... on level 3 of the Dungeon.
             The game lasted 00:05:51 (1654 turns).

rabbitsville the Bolt Thrower (Minotaur Hunter)     Turns: 1654, Time: 00:05:51

Health: -2/58      AC:  3    Str: 15    XL:     4   Next: 48%
Magic:  4/4        EV: 12    Int:  6    God:    Qazlal [**....]
Gold:   155        SH:  3    Dex: 16    Spells: 3/3 levels left

rFire   . . .      SeeInvis .   a - +1 hand crossbow
rCold   . . .      Faith    .   (no shield)
rNeg    . . .      Spirit   .   f - +0 leather armour
rPois   .          Reflect  .   (helmet restricted)
rElec   .          Harm     .   (no cloak)
rCorr   .          Rampage  .   (no gloves)
Will    .....                   (no boots)
Stlth   ..........              (no amulet)
HPRegen 0.19/turn               (no ring)
MPRegen 0.09/turn               (no ring)

@: berserking, lethally poisoned (-2 -> -4), quick
A: horns 2, retaliatory headbutt
a: Renounce Religion, Upheaval


You were on level 3 of the Dungeon.
You worshipped Qazlal.
Qazlal was pleased with you.
You visited 1 branch of the dungeon, and saw 3 of its levels.

You collected 155 gold pieces.

Inventory:

Hand Weapons
 a - a +1 hand crossbow (weapon)
 b - a +0 dagger
Armour
 f - a +0 leather armour (worn)
Scrolls
 c - a scroll of immolation
 d - 2 scrolls of brand weapon {unknown}
 e - 6 scrolls of teleportation {unknown}
 i - a scroll of noise {unknown}
 k - a scroll of blinking {unknown}
 l - a scroll of silence {unknown}
Potions
 g - a potion of lignification {unknown}
 h - 2 potions of curing {unknown}
 j - a potion of berserk rage
 m - a potion of brilliance {unknown}


   Skills:
 + Level 3.6 Fighting
 + Level 5.1 Crossbows
 - Level 2.1 Dodging
 - Level 0.7 Stealth
 * Level 2.6 Invocations


You had 3 spell levels left.
You didn't know any spells.
Your spell library contained the following spells:

 Spells                   Type           Power      Damage    Failure   Level
 Magic Dart               Conj           0%         1d3       52%         1
 Call Imp                 Summ           0%         N/A       67%         2
 Dazzling Flash           Conj/Hex       0%         N/A       88%         3
 Mephitic Cloud           Conj/Pois/Air  0%         N/A       88%         3
 Summon Guardian Golem    Hex/Summ       0%         N/A       88%         3
 Iskenderun's Mystic Bla  Conj/Tloc      0%         2d3       99%         4
 Summon Forest            Summ/Tloc      0%         N/A       100%        5
 Summon Mana Viper        Hex/Summ       0%         N/A       100%        5
 Starburst                Conj/Fire      0%         6d3       100%        6
 Summon Cactus Giant      Summ           0%         N/A       100%        6
 Orb of Destruction       Conj           0%         9d5       100%        7
 Spellforged Servitor     Conj/Summ      0%         N/A       100%        7


Dungeon Overview and Level Annotations

Branches:
Dungeon (3/15)

Altars:
Qazlal


Innate Abilities, Weirdness & Mutations

You have a pair of horns on your head.
You reflexively headbutt those who attack you in melee.


Message History

The rat splashes around in the water.
Your unstable footing causes you to fumble your attack.
The rat completely misses you.
You hit the rat.
You kill the rat!
Qazlal accepts your kill.
a - a +1 hand crossbow (weapon)
You hear an angry hiss. x2
An adder comes into view.
Shoot: a) +1 hand crossbow
Press: ? - help, Q - select action, (/) - cycle Shift-Dir - straight line, f - adder
Aim: an adder (50% to hit)
You shoot a bolt. The bolt closely misses the adder.
An adder comes into view.
The adder closely misses you. The adder bites you but does no damage.
The adder misses you. The adder attacks as you move away!
The adder bites you but does no damage. x2
Shoot: a) +1 hand crossbow
Press: ? - help, Q - select action, (/) - cycle Shift-Dir - straight line, f/p - adder
Aim: an adder (50% to hit)
You shoot a bolt. The bolt hits the adder.
The adder is moderately wounded.
The adder bites you.
* * * LOW HITPOINT WARNING * * *
You are poisoned.
The adder poisons you! The adder barely misses you.
Shoot: a) +1 hand crossbow
Press: ? - help, Q - select action, (/) - cycle Shift-Dir - straight line, f/p - adder
Aim: an adder (moderately wounded, 50% to hit)
You shoot a bolt. The bolt hits the adder.
The adder is almost dead.
* * * LOW HITPOINT WARNING * * *
You feel sick. The adder bites you.
* * * LOW HITPOINT WARNING * * *
It was a potion of berserk rage.
A red film seems to cover your vision as you go berserk!
You feel yourself moving faster!
You feel mighty!
* * * LOW HITPOINT WARNING * * *
You feel sick. The adder closely misses you. The adder bites you.
You die...

##### #.#.#.######
#....#######.#.#......
#............#.#.##.####
#......≈..†..#..........
#..≈.≈≈≈†≈...###.#.######
#.≈≈#≈#≈####.# #........#
#.≈≈≈≈≈≈≈≈≈#<# ###.###..#
#.########≈#.# ##.#<#
#≈≈SS@≈#.# #....#
#≈#≈####.# #..### # #≈≈
#..# #≈## ######..# #≈≈
#.......# ##≈ #.###.### ≈
#.# #.# ≈# #.# #.# #.#
#..


You could see 2 adders.

Vanquished Creatures
  3 adders (D:2)
  2 river rats (D:3)
  4 worms
  4 bats
  2 endoplasms
  5 giant cockroaches
  6 goblins
  2 hobgoblins (D:1)
  2 jackals (D:2)
  6 kobolds (D:2)
  2 ball pythons (D:1)
  2 frilled lizards (D:2)
  5 rats
45 creatures vanquished.

Notes
Turn   | Place    | Note
-------+----------+-------------------------------------------
     0 | D:1      | rabbitsville the Minotaur Hunter began the quest for the
                  | Orb.
     0 | D:1      | Reached XP level 1. HP: 18/18 MP: 0/0
    65 | D:1      | Found a faded altar of an unknown god.
    90 | D:1      | Prayed at the altar of an unknown god.
    90 | D:1      | Became a worshipper of Qazlal Stormbringer
    90 | D:1      | Reached * piety under Qazlal
   504 | D:1      | Reached XP level 2. HP: 25/25 MP: 1/1
   551 | D:1      | Reached skill level 1 in Invocations
   780 | D:2      | Reached XP level 3. HP: 23/31 MP: 1/3
   937 | D:2      | Reached ** piety under Qazlal
  1173 | D:2      | Reached skill level 5 in Crossbows
  1394 | D:2      | Reached XP level 4. HP: 38/38 MP: 4/4
  1654 | D:3      | HP: 2/58 [poisoned by an adder]
  1654 | D:3      | Slain by an adder

Illustrated notes

Levels and vault maps discovered:
D:1:      ncdulo_lavacross, layout_basic, shapermc_ecumenical_altar_notcrosses,
          dreamdust_wishing_well
D:2:      layout_basic
D:3:      layout_basic, mainiacjoe_overflow_tiny_flanked,
          lightli_sewer_entry_pipes, uniq_natasha

Skill      XL: |  1  2  3 |
---------------+----------+-----
Invocations    | 1 2 |  2.6
Fighting       | 3 |  3.6
Crossbows      | 5 |  5.1
Dodging        | |  2.1
Stealth        | |  0.7

Action                   |  1- 3 |  4- 6 || total
-------------------------+-------+-------++-------
Melee: Dagger            |     3 |    25 ||    28
       Headbutt          |       |     4 ||     4
 Fire: Hand crossbow     |    79 |    20 ||    99
  Use: Potion            |       |     1 ||     1
Armor: Leather armour    |    10 |     6 ||    16
Dodge: Dodged            |    29 |    23 ||    52
Block: Other             |     2 |     5 ||     7

Table legend: (Time is in decaauts)
 A = Elapsed time spent in this place.
 B = Non-inter-level travel time spent in this place.
 C = Inter-level travel time spent in this place.
 D = Time resting spent in this place.
 E = Time spent auto-exploring this place.
 F = Levels seen in this place.
 G = Mean time per level.
                   A        B        C        D        E       F      G
               +--------+--------+--------+--------+--------+-----+--------+
         Total |   1686 |   1651 |     35 |      0 |   1252 |   3 |  562.0 |
       Dungeon |   1686 |   1651 |     35 |      0 |   1252 |   3 |  562.0 |
               +--------+--------+--------+--------+--------+-----+--------+

Top non-repeatable levels by time:
     D:2: 834 daAuts
     D:1: 726 daAuts
     D:3: 124 daAuts
